 Dungeon Crawl Stone Soup version 0.20-a0-1121-gbb42413 (webtiles) character file.

18792 grindst0ne the Grappler (level 12, 0/119 HPs)
             Began as a Troll Monk on May 10, 2017.
             Was the Champion of Okawaru.
             Slain by a storm dragon (12 damage)
             ... on level 2 of the Lair of Beasts.
             The game lasted 00:46:34 (10701 turns).

grindst0ne the Grappler (Troll Monk)               Turns: 10701, Time: 00:46:35

Health: 0/119      AC: 10    Str: 26    XL:     12   Next: 30%
Magic:  15/15      EV:  7    Int: 13    God:    Okawaru [******]
Gold:   526        SH:  0    Dex: 10    Spells: 11/11 levels left

rFire    . . .     SeeInvis .     - Unarmed
rCold    . . .     Gourm    +   (no shield)
rNeg     + . .     Faith    .   M - +2 steam dragon scales
rPois    .         Spirit   .   T - +0 hat of Calculation {-Cast rN+ MR+}
rElec    .         Reflect  +   B - scarf {repulsion}
rCorr    .         Harm     .   (gloves unavailable)
MR       +....     Rnd*Tele +   (boots unavailable) Stlth +.........NoCast +
                                j - +5 amulet of reflection
Regen    0.7/turn               n - +5 ring of intelligence
MPRegen  0.2/turn               H - ring of flight

@: very slightly contaminated, held, repel missiles
A: unfitting armour, claws 3, horns 1, clever 1, clumsy 1, fast metabolism 3,
gourmand, regeneration 1, shaggy fur 1, teleportitis 1, tough skin 2
a: Heroism, Finesse, Renounce Religion, Evoke Flight


You were on level 2 of the Lair of Beasts.
You worshipped Okawaru.
Okawaru was exalted by your worship.
You were not hungry.

You visited 3 branches of the dungeon, and saw 17 of its levels.

You collected 526 gold pieces.

Inventory:

Hand Weapons
 N - the +6 battleaxe "Leyshu" {flame, rElec rC- MP+9 Dex+4}
   (Okawaru gifted it to you on level 12 of the Dungeon)

   It has been specially enchanted to burn those struck by it, causing extra
   injury to most foes and up to half again as much damage against particularly
   susceptible opponents.
   Big, fiery blades are also staple armaments of hydra-hunters.
   It affects your dexterity (+4).
   It makes you vulnerable to cold.
   It insulates you from electricity.
   It affects your magic capacity (+9).
Missiles
 s - 25 tomahawks (quivered)
 A - 4 steel tomahawks
 J - 14 poisoned tomahawks
 V - 3 large rocks
Armour
 a - a +0 robe
 i - a +2 robe of cold resistance
 y - a +1 cloak
 B - a scarf of repulsion (worn)
 M - +2 steam dragon scales (worn)
 T - the +0 hat of Calculation (worn) {-Cast rN+ MR+}
   (You found it on level 1 of the Lair of Beasts)

   It protects you from negative energy.
   It affects your resistance to hostile enchantments.
   It prevents spellcasting.
Jewellery
 h - an uncursed amulet of faith {unknown}
 j - a +5 amulet of reflection (around neck)
 m - an uncursed ring of ice
 n - a +5 ring of intelligence (left claw)
 E - an uncursed ring of magical power
 G - an uncursed amulet of guardian spirit {unknown}
 H - a ring of flight (right claw)
 S - a +2 amulet of reflection
Wands
 e - a wand of flame (4/48)
 C - a wand of random effects (33/48)
 D - a wand of polymorph (9/24)
 F - a wand of iceblast (0/15)
 K - a wand of confusion (38/48)
Scrolls
 d - 6 scrolls of remove curse
 w - 2 scrolls of amnesia
 I - a scroll of fog
Potions
 f - 2 potions of curing
 k - a potion of invisibility
 o - 2 potions of cancellation
 u - 3 potions of mutation
 v - 2 potions of degeneration {unknown}
 x - a potion of magic {unknown}
 L - a potion of berserk rage {unknown}
 Q - a potion of brilliance {unknown}
 R - a potion of haste {unknown}
 U - a potion of resistance {unknown}
Books
 g - a book of Frost

   Spells                             Type                      Level
   a - Freeze                         Ice                          1
   b - Throw Frost                    Conjuration/Ice              2
   c - Ozocubu's Armour               Charms/Ice                   3
   d - Throw Icicle                   Conjuration/Ice              4
   e - Summon Ice Beast               Ice/Summoning                4
 r - a book of Geomancy

   Spells                             Type                      Level
   a - Sandblast                      Earth                        1
   b - Passwall                       Transmutation/Earth          2
   c - Stone Arrow                    Conjuration/Earth            3
   d - Petrify                        Transmutation/Earth          4
   e - Lee's Rapid Deconstruction     Earth                        5
Comestibles
 b - 14 bread rations
 l - 4 royal jellies
 p - 7 meat rations
 t - 8 fruits


   Skills:
 - Level 8.0 Fighting
 + Level 0.0 Throwing
 + Level 10.4 Dodging
 - Level 1.0 Stealth
 + Level 11.9 Unarmed Combat
 * Level 5.8 Evocations


You had 11 spell levels left.
You didn't know any spells.

Dungeon Overview and Level Annotations

Branches:
Dungeon (14/15)            Temple (1/1) D:7            Lair (2/6) D:8
  Swamp: Lair:2-4    Shoals: Lair:2-4     Snake: Lair:2-4    Spider: Lair:2-4
    Orc: D:9-12      Vaults: D:13-14

Altars:
Ashenzari
Cheibriados
Dithmenos
Elyvilon
Fedhas
Gozag
Hepliaklqana
Kikubaaqudgha
Makhleb
Nemelex Xobeh
Okawaru
Qazlal
Ru
Sif Muna
Trog
Uskayaw
Vehumet
Wu Jian
Xom
Yredelemnul
Zin
The Shining One

Shops:
D:6 %

Annotations:
Lair:2 Harold


Innate Abilities, Weirdness & Mutations

You are too large for most types of armour.
You have claws for hands.
Your metabolism is lightning-fast.
You like to eat raw meat.
Your natural rate of healing is unusually fast.
You are covered in fur. (AC +1)
You have very tough skin. (AC +2)
You have a pair of small horns on your head.
Your mind is acute. (Int +2)
You are clumsy. (Dex -2)
You are occasionally teleported next to monsters.


Message History

You reflect the throwing net off an invisible shield around you!
The throwing net closely misses Harold.
(D) Dungeon (T) Temple (L) Lair
Where to? (Enter - Lair:1, ? - help)
There are monsters nearby!
The storm dragon bites you but does no damage.
The storm dragon claws you.
* * * LOW HITPOINT WARNING * * *
The storm dragon misses you.
Harold throws a throwing net.
The throwing net hits you.
You become entangled in the net!
You stop ascending the stairs.
It was a potion of mutation.
You feel extremely strange.
You feel clumsy. A pair of horns grows on your head!
You feel weirdly uncertain.
You feel clever. The storm dragon bites you.
* * * LOW HITPOINT WARNING * * *
The storm dragon claws you but does no damage.
The storm dragon tramples you but does no damage.
The storm dragon bites you!
You die...

#P.........#
##.........#
#..........##
#..........#
#..........#
#..........#
...........######
............##P.######
.............D@..@...(
..........#..P#.......
.#.%#....######...#...
######.## .).# . P.#
...# .... ...P# ...##


You could see a storm dragon and Harold.

Vanquished Creatures
  A fire giant (Lair:1)
  Josephine (D:10)
  Erica (Lair:1)
  A tengu warrior (D:13)
  3 two-headed ogres
  The ghost of mopl the Covert, a novice DEAs (D:8)
  2 unseen horrors
  An ugly thing (D:13)
  Maurice (D:9)
  4 spiny frogs (Lair:1)
  A gargoyle (D:13)
  Joseph (D:9)
  Grinder (D:5)
  Sigmund (D:5)
  2 hippogriffs (Lair:1)
  15 yaks
  A wyvern (D:8)
  4 wraiths (D:10)
  A basilisk (D:8)
  2 hungry ghosts
  2 vampire mosquitoes (D:12)
  Menkaure (D:4)
  A steam dragon (D:8)
  Edmund (D:6)
  A water moccasin (Lair:1)
  Duvessa (D:7)
  A black bear (D:10)
  4 orc warriors
  3 porcupines (Lair:1)
  4 ice beasts
  A sky beast (D:13)
  3 phantoms
  3 ogres
  3 centaurs
  2 crocodiles
  A big kobold (D:7)
  A wyvern zombie (D:7)
  6 bullfrogs
  A gnoll sergeant (D:9)
  Dowan (D:7)
  2 scorpions (D:7)
  5 wights (D:6)
  2 killer bees (D:11)
  A howler monkey (D:5)
  4 crimson imps
  A centaur zombie (D:7)
  5 hounds
  A bullfrog zombie (D:8)
  A jelly (D:10)
  3 bullfrog skeletons
  8 orc priests
  A centaur skeleton (D:8)
  A gnoll shaman (D:10)
  Crazy Yiuf (D:4)
  2 iguanas
  Natasha (D:4)
  14 orc wizards
  5 worker ants
  A hound zombie (D:8)
  3 worker ant zombies
  17 gnolls
  9 adders
  2 shadow imps
  3 worms
  7 dart slugs
  4 leopard geckos
  40 orcs
  2 ball pythons
  5 giant cockroaches
  9 goblins
  13 hobgoblins
  9 jackals
  3 quokkas
  8 bats
  7 frilled lizards
  7 kobolds
  A quokka skeleton (D:9)
  11 rats
305 creatures vanquished.

Vanquished Creatures (others)
  A wizard (D:3)
  A meliai (D:13)
  A kobold (D:7)
  A fungus (Lair:1)
4 creatures vanquished.

Grand Total: 309 creatures vanquished

Notes
Turn   | Place    | Note
-------+----------+-------------------------------------------
     0 | D:1      | grindst0ne the Troll Monk began the quest for the Orb.
     0 | D:1      | Reached XP level 1. HP: 22/22 MP: 0/0
     2 | D:1      | Noticed an ogre
     4 | D:1      | Noticed a ghoul
     4 | D:1      | Noticed a spriggan
     6 | D:1      | Noticed a tengu
     6 | D:1      | Noticed a demigod
     8 | D:1      | Noticed a felid
     8 | D:1      | Noticed a draconian
    12 | D:1      | Noticed a naga
    14 | D:1      | Noticed an elf
    14 | D:1      | Noticed a vine stalker
    16 | D:1      | Noticed a centaur
    16 | D:1      | Noticed an octopode
    18 | D:1      | Noticed a human
    18 | D:1      | Noticed a halfling
    20 | D:1      | Noticed a merfolk
    20 | D:1      | Noticed a gargoyle
    22 | D:1      | Noticed a dwarf
    22 | D:1      | Noticed a vampire
    24 | D:1      | Noticed a formicid
    24 | D:1      | Noticed a minotaur
    26 | D:1      | Noticed a demonspawn
    26 | D:1      | Noticed a troll
   108 | D:1      | Reached XP level 2. HP: 23/29 MP: 1/1
   444 | D:1      | Reached XP level 3. HP: 36/36 MP: 2/2
   809 | D:2      | Reached XP level 4. HP: 45/45 MP: 3/3
   957 | D:2      | Found a sacrificial altar of Ru.
  1415 | D:3      | Reached skill level 4 in Unarmed Combat
  1614 | D:3      | Reached XP level 5. HP: 51/53 MP: 4/4
  1897 | D:3      | Found a bloodstained altar of Trog.
  1898 | D:3      | Noticed a wizard
  1904 | D:3      | Killed a wizard
  2245 | D:4      | Found a deep blue altar of Sif Muna.
  2308 | D:4      | Found a hazy altar of Hepliaklqana.
  2326 | D:4      | Noticed Menkaure
  2333 | D:4      | Killed Menkaure
  2333 | D:4      | Reached XP level 6. HP: 18/62 MP: 5/5
  2681 | D:4      | Found a basalt altar of Yredelemnul.
  2827 | D:4      | Found a runed door.
  2831 | D:4      | Noticed Crazy Yiuf
  2835 | D:4      | Killed Crazy Yiuf
  2883 | D:4      | Reached skill level 5 in Unarmed Combat
  2897 | D:4      | Reached XP level 7. HP: 63/70 MP: 6/6
  2917 | D:4      | Found a sparkling altar of Nemelex Xobeh.
  2984 | D:4      | Noticed Natasha
  2994 | D:4      | Killed Natasha
  3400 | D:5      | Entered Level 5 of the Dungeon
  3415 | D:5      | Found a snail-covered altar of Cheibriados.
  3554 | D:5      | Noticed Grinder
  3567 | D:5      | Killed Grinder
  3576 | D:5      | Noticed Sigmund
  3591 | D:5      | Killed Sigmund
  3591 | D:5      | Reached skill level 5 in Fighting
  3591 | D:5      | Reached skill level 5 in Dodging
  3591 | D:5      | Reached skill level 6 in Unarmed Combat
  3591 | D:5      | Reached XP level 8. HP: 79/80 MP: 7/7
  3930 | D:6      | Found Ferap's Food Shop.
  4030 | D:6      | Noticed Edmund
  4055 | D:6      | Killed Edmund
  4176 | D:6      | Found a shadowy altar of Dithmenos.
  4321 | D:6      | Reached skill level 7 in Unarmed Combat
  4651 | D:7      | Reached XP level 9. HP: 89/89 MP: 8/8
  4987 | D:7      | Noticed Duvessa
  4987 | D:7      | Noticed Dowan
  4999 | D:7      | Killed Dowan
  5013 | D:7      | Killed Duvessa
  5140 | D:7      | Found a staircase to the Ecumenical Temple.
  5151 | Temple   | Entered the Ecumenical Temple
  5275 | Temple   | Became a worshipper of Warmaster Okawaru
  5275 | Temple   | Reached * piety under Okawaru
  5275 | Temple   | Reached ** piety under Okawaru
  5328 | D:7      | Found an opulent altar of Gozag.
  5347 | D:7      | Reached skill level 8 in Unarmed Combat
  6084 | D:8      | Found a staircase to the Lair.
  6097 | D:8      | Noticed mopl's ghost (novice DEAs)
  6124 | D:8      | Killed mopl's ghost
  6259 | D:8      | Reached *** piety under Okawaru
  6259 | D:8      | Reached XP level 10. HP: 102/102 MP: 9/9
  6585 | D:8      | Reached skill level 9 in Unarmed Combat
  6989 | D:8      | Noticed a two-headed ogre
  6996 | D:8      | Killed a two-headed ogre
  7042 | D:8      | Found a hide-covered altar of Uskayaw.
  7043 | D:8      | Found a white marble altar of Elyvilon.
  7109 | Lair:1   | Entered Level 1 of the Lair of Beasts
  7122 | D:8      | Reached **** piety under Okawaru
  7162 | D:9      | Noticed Maurice
  7179 | Lair:1   | Noticed Erica
  7357 | D:9      | Killed Maurice
  7494 | D:9      | Reached skill level 1 in Evocations
  7652 | D:9      | Noticed Joseph
  7673 | D:9      | Killed Joseph
  7677 | D:9      | Reached skill level 10 in Unarmed Combat
  7875 | D:9      | Noticed a two-headed ogre
  7896 | D:9      | Killed a two-headed ogre
  7896 | D:9      | Reached ***** piety under Okawaru
  7896 | D:9      | Reached XP level 11. HP: 88/111 MP: 11/11
  8124 | D:9      | Found a stormy altar of Qazlal.
  8163 | D:10     | Entered Level 10 of the Dungeon
  8415 | D:10     | Killed an unseen horror
  8655 | D:10     | Noticed Josephine
  8678 | D:10     | Killed Josephine
  9177 | D:11     | You fall through a shaft for 3 floors!
  9186 | D:13     | Noticed a white ugly thing
  9259 | D:13     | Noticed a cyan ugly thing
  9276 | D:13     | Killed a cyan ugly thing
  9276 | D:13     | Reached skill level 11 in Unarmed Combat
  9285 | D:13     | Received a gift from Okawaru
  9311 | D:13     | Killed an unseen horror
  9392 | D:13     | Noticed a tengu warrior
  9404 | D:13     | Killed a tengu warrior
  9404 | D:13     | Reached ****** piety under Okawaru
  9408 | D:12     | Noticed a two-headed ogre
  9417 | D:12     | Killed a two-headed ogre
  9420 | D:12     | Received a gift from Okawaru
  9434 | D:12     | Got a translucent battleaxe {god gift}
  9435 | D:12     | Identified the +6 battleaxe "Leyshu" {flame, rElec rC- MP+9 Dex+4} (Okawaru gifted it to you on level 12 of the Dungeon)
  9458 | D:12     | Reached skill level 10 in Dodging
  9466 | D:12     | Reached skill level 5 in Evocations
  9687 | Lair:1   | Killed Erica
  9687 | Lair:1   | Reached XP level 12. HP: 99/119 MP: 14/14
  9849 | Lair:1   | Noticed a six-headed hydra
  9859 | Lair:1   | Noticed a fire giant
  9859 | Lair:1   | a six-headed hydra changed into a fire giant
  9867 | Lair:1   | Killed a fire giant
 10256 | Lair:1   | Got a steaming hat
 10262 | Lair:1   | Identified the cursed +0 hat of Calculation {-Cast rN+ MR+} (You found it on level 1 of the Lair of Beasts)
 10513 | Lair:1   | Received a gift from Okawaru
 10673 | Lair:2   | Noticed Harold
 10673 | Lair:2   | Noticed a six-headed hydra
 10696 | Lair:2   | Noticed a storm dragon
 10696 | Lair:2   | a six-headed hydra changed into a storm dragon
 10701 | Lair:2   | Gained mutation: You are clumsy. (Dex -2) [potion of mutation]
 10701 | Lair:2   | Gained mutation: You have a pair of small horns on your head. [potion of mutation]
 10701 | Lair:2   | Gained mutation: You are occasionally teleported next to monsters. [potion of mutation]
 10701 | Lair:2   | Gained mutation: Your mind is acute. (Int +2) [potion of mutation]
 10701 | Lair:2   | Slain by a storm dragon

Vault maps used:
D:1:      kb_arrival_jail, serial_corexii_hall, corexii_hall_statues_s,
          corexii_hall_statues_i
D:2:      nicolae_ru_great_annihilating_truth
D:3:      wad_lake_hut, first_bread, trog_wizard
D:4:      kennysheep_mini_moat, nemelex_xobeh_ov_fountains_minmay, tgw_sif,
          nicolae_overflow_crystal_walls, uniq_natasha, uniq_crazy_yiuf_cottage,
          uniq_menkaure
D:5:      kennysheep_slug_shrine, uniq_grinder, uniq_sigmund
D:6:      serial_shops, shop, nicolae_dithmenos_shadow_blocks, uniq_edmund
D:7:      minmay_temple_entry_statues_fountains, basic_altar, uniq_duvessa
D:8:      gammafunk_temple_overflow_statue, david_lair_generic
D:9:      nicolae_qazlal_eye_of_the_storm, uniq_maurice, uniq_joseph
D:10:     uniq_josephine
D:11:     erik_orc_2, the_bakery
D:12:     dpeg_stationary_puzzle
D:13:     erik_vaults_2, enter_trove_1, uniq_kirke
D:14:     lab_entry_generic, minmay_misc_feat_iff, serial_shops, shop,
          uniq_roxanne
Temple:   dshaligram_water_room_temple
Lair:1:   uniq_erica
Lair:2:   wad_woods_03, uniq_harold

Skill      XL: |  1  2  3  4  5  6  7  8  9 10 11 |
---------------+----------------------------------+-----
Dodging        | 3 4 5 6 7 8 10 | 10.4
Fighting       | 3 4 5 6 7 8 |  8.0
Unarmed Combat | 4 5 6 7 8 10 11 | 11.9
Evocations     | 2 5 |  5.8
Stealth        | |  1.0

Action                   |  1- 3 |  4- 6 |  7- 9 | 10-12 || total
-------------------------+-------+-------+-------+-------++-------
Melee: Unarmed           |    98 |   174 |   296 |   447 ||  1015
       Punch             |       |     2 |    12 |    29 ||    43
Throw: Throwing net      |       |       |       |     1 ||     1
Invok: Heroism           |       |       |       |    12 ||    12
       Finesse           |       |       |       |     1 ||     1
Evoke: Wand              |       |       |       |     5 ||     5
  Use: Scroll            |       |     7 |     5 |    11 ||    23
       Potion            |       |       |     2 |    11 ||    13
 Stab: Sleeping          |     2 |     2 |     1 |     2 ||     7
       Paralysed         |       |     1 |       |       ||     1
       Invisible         |       |       |       |     4 ||     4
  Eat: Chunk             |    13 |    12 |    27 |    51 ||   103
       Bread ration      |       |       |     1 |       ||     1
Armor: Robe              |    29 |    63 |    78 |    14 ||   184
       Skin              |       |       |     4 |       ||     4
       Steam dragon scal |       |       |       |   112 ||   112
Dodge: Dodged            |    53 |    97 |   121 |   307 ||   578
       Deflected         |       |       |     6 |     7 ||    13
Block: Other             |       |       |    62 |    93 ||   155
       Reflection        |       |       |     5 |     4 ||     9
